Map: Jagannatha LE

Players

SpeCial

  • Race: Terran Terran
  • League: Master
  • Spawn Location: 1:00

Kelazhur - Winner!

  • Race: Terran Terran
  • Spawn Location: 7:00

Event: DreamHack SC2 Masters 2020 Winter

VOD

Have the link to the VOD?

Description

Time

  • Played on: Oct. 25, 2020, 6:17 p.m.
  • Length: 9:23

All games in this series

Show
View Real Time Build Order
Export as new Build Order

SpeCial Terran 

Build Orders: 1/1/1 

Get SALT Encoding   

  12  0:00  SCV  
  13  0:12  SCV  
  14  0:17  Supply Depot  
  14  0:24  SCV  
  15  0:38  SCV  
  15  0:39  Barracks  
  16  0:43  Refinery  
  16  0:50  SCV  
  16  0:53  Refinery  
  17  1:03  SCV  
  18  1:15  SCV  
  19  1:26  Reaper  
  19  1:27  Orbital Command  
  19  1:30  Supply Depot  
  20  1:44  Factory  
  20  1:53  SCV  
  21  2:00  Barracks Reactor  
  21  2:05  SCV  
  22  2:13  Supply Depot  
  22  2:17  SCV  
  23  2:28  Hellion  
  23  2:29  Starport  
  25  2:31  SCV  
  27  2:37  Reaper x2  
  27  2:43  SCV  
  29  2:49  Hellion  
  31  2:55  SCV  
  32  3:00  Supply Depot  
  32  3:06  Medivac  
  32  3:07  SCV  
  32  3:10  Hellion, Reaper x2  
  39  3:22  SCV  
  40  3:33  Factory Tech Lab  
  40  3:35  SCV  
  40  3:39  Command Center  
  41  3:43  Marine x2  
  41  3:46  Starport Tech Lab  
  41  3:48  SCV  
  44  3:53  Supply Depot  
  44  4:00  SCV  
  40  4:11  Marine  
  40  4:15  Raven  
  37  4:18  SCV  
  37  4:19  Siege Tank  
  37  4:21  Marine  
  41  4:29  Marine  
  41  4:30  SCV  
  43  4:38  Marine  
  43  4:41  Refinery  
  43  4:42  SCV  
  45  4:47  Marine  
  45  4:52  Siege Tank  
  49  4:54  SCV  
  49  4:56  Marine  
  49  4:57  Orbital Command  
  51  5:04  Marine  
  52  5:07  SCV  
  52  5:15  Raven  
  52  5:18  Command Center  
  52  5:21  SCV  
  55  5:23  SCV  
  55  5:24  Marine x2  
  58  5:31  Siege Tank  
  58  5:36  SCV  
  58  5:37  SCV  
  58  5:42  Marine x2  
  60  5:49  SCV x2  
  61  5:54  Refinery  
  61  5:58  Supply Depot  
  61  6:01  SCV  
  61  6:02  SCV  
  63  6:05  Siege Tank  
  63  6:08  Supply Depot  
  63  6:10  Viking x2  
  70  6:19  Marine  
  70  6:20  SCV x2  
  70  6:24  Stimpack  
  69  6:32  SCV x3  
  71  6:39  Marine  
  72  6:41  Viking x2  
  76  6:47  SCV x2  
  76  6:48  Barracks  
  76  6:49  Barracks, Orbital Command  
  78  6:54  Siege Tank  
  78  6:59  Marine  
  82  7:03  SCV x2  
  82  7:15  SCV x3  
  84  7:17  Marine, Viking  
  83  7:27  SCV x3  
  83  7:28  Viking  
  87  7:39  SCV x2  
  89  7:46  Barracks Reactor x2  
  89  7:47  SCV, Viking  
  92  7:51  SCV  
  92  7:54  Siege Tank  
  92  7:58  Viking  
  98  7:59  Orbital Command  
  98  8:04  SCV x2  
  98  8:05  Marine  
  97  8:16  SCV  
  97  8:17  Engineering Bay  
  97  8:18  Engineering Bay  
  98  8:22  SCV  
  98  8:23  Marine  
  98  8:26  Siege Tank  
  101  8:34  Supply Depot  
  101  8:49  Marine, SCV  
  101  8:50  Marine x2, SCV x2  
  101  8:51  Marine x2  
  101  9:02  SCV x2  
  95  9:07  SCV  
Show
View Real Time Build Order
Export as new Build Order

Kelazhur Terran - Winner!

Build Orders:  

Get SALT Encoding   

  12  0:02  SCV  
  13  0:14  SCV  
  14  0:17  Supply Depot  
  14  0:26  SCV  
  15  0:38  SCV  
  15  0:40  Barracks  
  16  0:44  Refinery  
  16  0:50  SCV  
  16  0:53  Refinery  
  17  1:03  SCV  
  18  1:15  SCV  
  19  1:27  Orbital Command, Reaper  
  19  1:29  Supply Depot  
  20  1:42  Factory  
  20  1:52  SCV  
  21  1:59  Reaper  
  22  2:05  SCV  
  23  2:18  SCV  
  24  2:26  Command Center  
  24  2:28  Hellion  
  26  2:30  SCV  
  26  2:37  Barracks Reactor  
  27  2:42  SCV  
  27  2:43  Supply Depot  
  28  2:49  Widow Mine  
  30  2:53  Starport  
  30  2:56  SCV  
  31  3:08  SCV  
  31  3:11  Factory Tech Lab  
  32  3:13  Marine x2  
  34  3:20  SCV, Refinery  
  35  3:30  Cyclone  
  35  3:31  Starport Tech Lab  
  35  3:32  SCV  
  39  3:38  Orbital Command  
  39  3:43  Marine x2  
  39  3:44  SCV  
  42  3:49  Raven  
  44  3:56  SCV  
  45  4:04  Supply Depot, Marine  
  45  4:08  SCV, Siege Tank  
  47  4:12  SCV  
  47  4:13  Marine  
  44  4:20  SCV  
  44  4:23  Marine  
  46  4:24  SCV  
  46  4:31  Marine  
  48  4:32  SCV  
  48  4:36  SCV  
  48  4:37  Supply Depot  
  50  4:39  Raven  
  50  4:41  Marine  
  50  4:44  SCV  
  54  4:48  SCV  
  55  4:55  Siege Tank  
  55  4:57  SCV  
  58  5:01  SCV  
  58  5:09  SCV  
  58  5:12  Marine x2  
  58  5:13  SCV, Command Center  
  62  5:21  SCV  
  63  5:25  SCV  
  64  5:29  Marine  
  64  5:33  SCV  
  64  5:35  Siege Tank  
  69  5:37  SCV  
  69  5:50  SCV x2  
  69  5:53  Supply Depot  
  69  5:56  Barracks  
  69  5:57  Supply Depot  
  69  5:58  Barracks  
  69  5:59  Refinery  
  69  6:02  SCV, Engineering Bay x2  
  70  6:10  Supply Depot  
  70  6:11  Marine, Viking x2  
  70  6:12  SCV, Stimpack  
  70  6:14  SCV  
  70  6:15  Siege Tank  
  80  6:24  SCV  
  81  6:26  Orbital Command  
  81  6:29  Terran Infantry Weapons Level 1  
  81  6:30  Marine, Terran Infantry Armor Level 1  
  81  6:31  SCV  
  83  6:41  SCV  
  83  6:43  Viking x2  
  83  6:44  Barracks Reactor  
  88  6:48  Marine  
  88  6:49  Supply Depot  
  88  6:53  SCV  
  90  6:58  SCV  
  89  7:03  Barracks Reactor  
  89  7:04  SCV  
  89  7:05  Siege Tank  
  92  7:09  SCV  
  92  7:13  SCV  
  92  7:14  Viking x2  
  98  7:17  SCV  
  98  7:21  SCV  
  98  7:22  Marine x2  
  100  7:23  Marine  
  100  7:26  Barracks  
  100  7:28  Armory  
  100  7:29  Barracks  
  103  7:34  SCV  
  104  7:40  Marine  
  105  7:44  Viking x2  
  105  7:48  Siege Tank  
  105  7:50  SCV  
  113  7:52  Marine  
  113  7:56  SCV  
  109  7:59  Marine x2  
  109  8:04  Marine  
  110  8:09  Marine  
  110  8:12  SCV  
  111  8:13  Supply Depot x2  
  111  8:14  Supply Depot  
  111  8:16  SCV  
  111  8:19  Marine x2  
  114  8:20  Barracks Reactor  
  114  8:21  Barracks Reactor  
  110  8:28  Medivac x2, Orbital Command  
  110  8:33  SCV  
  115  8:38  Marine x2  
  115  8:40  Marine  
  118  8:55  Marine x2  
  109  9:03  Refinery  
  109  9:04  Marine, Refinery  
Tags
 
Add a new tag
Caveats
  • Supply blocks, unpowered buildings, or Contaminate may cause inaccurate times.
  • Supply counts are checked every 10 seconds.